 Dungeon Crawl Stone Soup version 0.19-a0-1886-gd64a0f0 (webtiles) character file.

635 wazuzu the Cudgeler (level 7, -5/78 HPs)
             Began as an Ogre Hunter on Oct 16, 2016.
             Slain by an ogre
             ... wielding a +0 giant club
              (18 damage)
             ... on level 4 of the Dungeon.
             The game lasted 00:17:42 (5794 turns).

wazuzu the Cudgeler (Ogre Hunter)                   Turns: 5794, Time: 00:17:43

Health: -5/78      AC:  6    Str: 18    XL:     7   Next: 50%
Magic:  7/7        EV:  9    Int: 10    God:
Gold:   112        SH:  0    Dex: 12    Spells: 0 memorised, 6 levels left

rFire  . . .     SeeInvis .     d - -3 giant spiked club (curse)
rCold  . . .     Gourm    .     b - +1 robe
rNeg   . . .     Faith    .     (shield currently unavailable)
rPois  +         Spirit   .     (helmet restricted)
rElec  .         Dismiss  .     w - +1 cloak {rPois}
rCorr  .         Reflect  .     (gloves unavailable)
MR     .....     Harm     .     (boots unavailable)
Stlth  +.........               m - amulet of rage
                                (no ring)
                                x - ring of flight

@: lethally poisoned (-5 -> -6), heavily drained
A: unfitting armour, tough skin 1
a: Evoke Berserk Rage, Evoke Flight


You were on level 4 of the Dungeon.
You were hungry.

You visited 1 branch of the dungeon, and saw 4 of its levels.

You collected 112 gold pieces.

Inventory:

Hand Weapons
 d - a cursed -3 giant spiked club (weapon)
 j - a +0 flail
 z - a +0 mace
Missiles
 c - 2 large rocks (quivered)
Armour
 b - a +1 robe (worn)
 w - a +1 cloak of poison resistance (worn)
Jewellery
 m - an amulet of rage (around neck)
 r - an uncursed amulet of magic regeneration
 x - a ring of flight (left hand)
 y - an uncursed amulet of harm {unknown}
Scrolls
 h - a scroll of enchant armour
 i - a scroll of enchant weapon
 v - 2 scrolls of teleportation
Potions
 e - 2 potions of cancellation {unknown}
 g - a potion of lignification {unknown}
 l - a potion of agility {unknown}
 n - a potion of degeneration {unknown}
 o - a potion of might {unknown}
 p - 2 potions of resistance {unknown}
 q - a potion of curing {unknown}
 t - a potion of flight {unknown}
 u - a potion of haste {unknown}
Comestibles
 a - a slice of pizza
 f - a bread ration
 k - 2 meat rations
 s - a beef jerky


   Skills:
 - Level 7.3(5.0) Fighting
 + Level 7.5(5.2) Maces & Flails
 - Level 4.0(1.8) Throwing
 - Level 1.7(0.0) Dodging
 - Level 0.6(0.0) Stealth


You had 6 spell levels left.
You didn't know any spells.

Dungeon Overview and Level Annotations

Branches:
Dungeon (4/15)
 Temple: D:4-7

Altars:
Gozag
Kikubaaqudgha
Makhleb
Qazlal


Innate Abilities, Weirdness & Mutations

You are too large for most types of armour.
You have tough skin. (AC +1)


Message History

You barely miss the ogre.
The ogre is heavily wounded.
You feel sick. The ogre barely misses you. x2
You barely miss the ogre.
The ogre is heavily wounded.
You feel sick. The ogre closely misses you.
You thump the ogre!
The ogre is almost dead.
You feel sick. The ogre barely misses you.
You barely miss the ogre.
The ogre is almost dead.
The ogre hits you with a giant club!
* * * LOW HITPOINT WARNING * * *
You completely miss the ogre.
The ogre is almost dead.
You feel sick. The ogre closely misses you.
You barely miss the ogre.
The ogre is almost dead.
The ogre hits you with a giant club!!
You die...

#.........#
#.........########
#####................#
.#...................#
..)..................#
.....................#
.......##.>###.......#
.......##..# ###O#####
......###..# #@#
......# #..# #.#
...#... ...# ###.#
...#.......# #...# ..
.. ....# #)### .....#
#.# ....... #.# ....
#.# ..... ##.#


You could see an ogre.

Vanquished Creatures
  An ogre (D:3)
  A howler monkey (D:3)
  Crazy Yiuf (D:3)
  A bullfrog skeleton (D:4)
  5 orc wizards
  Ijyb (D:3)
  2 worker ants (D:4)
  5 adders
  11 gnolls
  A howler monkey skeleton (D:4)
  2 oozes
  2 worms
  A dart slug (D:2)
  2 leopard geckos
  4 orcs
  3 giant cockroaches
  7 goblins
  4 hobgoblins
  4 jackals
  6 kobolds
  A quokka (D:3)
  4 bats
  2 frilled lizards
  7 rats
78 creatures vanquished.

Notes
Turn   | Place    | Note
-------+----------+-------------------------------------------
     0 | D:1      | wazuzu the Ogre Hunter began the quest for the Orb.
     0 | D:1      | Reached XP level 1. HP: 22/22 MP: 1/1
   410 | D:1      | Reached XP level 2. HP: 31/31 MP: 2/2
   594 | D:1      | Reached skill level 1 in Maces & Flails
   939 | D:1      | Reached XP level 3. HP: 36/37 MP: 3/3
  1122 | D:2      | Found a faded altar of an unknown god.
  1734 | D:2      | Reached XP level 4. HP: 27/49 MP: 4/4
  1736 | D:2      | Reached skill level 5 in Fighting
  2317 | D:2      | Reached XP level 5. HP: 59/59 MP: 5/5
  2657 | D:3      | Noticed a fire elemental
  2659 | D:3      | Found a stormy altar of Qazlal.
  2660 | D:3      | Noticed a water elemental
  2660 | D:3      | Noticed an air elemental
  2739 | D:3      | Noticed Ijyb
  2743 | D:3      | Killed Ijyb
  3078 | D:3      | Found an ancient bone altar of Kikubaaqudgha.
  3078 | D:3      | Found an opulent altar of Gozag.
  3163 | D:3      | Found a burning altar of Makhleb.
  3246 | D:3      | Found a runed door.
  3494 | D:3      | Reached XP level 6. HP: 53/71 MP: 6/6
  3751 | D:3      | Noticed Crazy Yiuf
  3753 | D:3      | Killed Crazy Yiuf
  4509 | D:3      | Reached skill level 5 in Maces & Flails
  4509 | D:3      | Reached XP level 7. HP: 39/78 MP: 7/7
  5794 | D:4      | Slain by an ogre

Vault maps used:
D:1:      dpeg_arrival_central
D:2:      ecumenical_altar_1
D:3:      minmay_door_path, lemuel_crystal_altar,
          gammafunk_temple_overflow_elements, nicolae_qazlal_style_of_elements,
          uniq_crazy_yiuf_cottage, uniq_iyjb
D:4:      first_bread, kennysheep_generic_room_2

Skill      XL: |  1  2  3  4  5  6  7 |
---------------+----------------------+-----
Fighting       | 3 4 6 7 |  7.3
Maces & Flails | 2 3 5 7 |  7.5
Throwing       | |  4.0
Dodging        | |  1.7
Stealth        | |  0.6

Action                   |  1- 3 |  4- 6 |  7- 9 || total
-------------------------+-------+-------+-------++-------
Melee: Short sword       |    15 |       |       ||    15
       Spear             |    82 |   107 |       ||   189
       Whip              |       |     3 |       ||     3
       Mace              |       |    78 |       ||    78
       Giant spiked club |       |       |    92 ||    92
Throw: Large rock        |     1 |    24 |       ||    25
  Use: Scroll            |     6 |     4 |     1 ||    11
       Potion            |       |     1 |       ||     1
 Stab: Sleeping          |     1 |     1 |       ||     2
       Distracted        |       |     1 |     2 ||     3
  Eat: Chunk             |     3 |     7 |     1 ||    11
       Bread ration      |       |       |     1 ||     1
Armor: Robe              |    18 |    88 |    56 ||   162
Dodge: Dodged            |    41 |   101 |    58 ||   200
